[ AOE2 MATCH · #478024288 ]
UnrankedFranks vs Persians
[ REPLAY ANALYSIS · EXTRACTED FROM THE RECORDED GAME ]
Feudal
10:02
Castle
27:08
Imperial
—
| APM avg | 27.0 |
| APM peak | 58 |
| eAPM avg | 12.5 |
| Villagers / military | 54 / 36 |
Focus
⚔️ 25.2% · 🌾 74.8%
Knight ×16 · Archer ×14 · Battering Ram ×5 · Scout Cavalry ×1
Feudal
—
Castle
—
Imperial
—
| APM avg | 12.7 |
| APM peak | 32 |
| eAPM avg | 6.0 |
| Villagers / military | 49 / 0 |
Focus
⚔️ 15.2% · 🌾 84.8%
Feudal
13:16
Castle
22:12
Imperial
—
| APM avg | 11.5 |
| APM peak | 35 |
| eAPM avg | 8.8 |
| Villagers / military | 50 / 33 |
Focus
⚔️ 21.6% · 🌾 78.4%
Camel Scout ×21 · Knight ×4 · Monk ×3 · Battering Ram ×3 · Scout Cavalry ×2
Feudal
11:38
Castle
25:38
Imperial
—
| APM avg | 10.8 |
| APM peak | 41 |
| eAPM avg | 8.4 |
| Villagers / military | 48 / 17 |
Focus
⚔️ 18.1% · 🌾 81.9%
Knight ×14 · Spearman ×2 · Monk ×1
Match map
Initial resources + every placement click. Lines = walls · curves = elevation contours. ◆ gold · ⬟ stone · ● berries · ✦ relic · ◌ wall gap
Your base· Open — 1t gap
boraborabarutcu's base· Open — unwalled flank
atxerua's base· Open — unwalled flank
scallywag's base· ✓ Closed at 25:38 · 62t walls · 1 gate(s)
Smoothed initial terrain · ◌ = detected wall gap · hover for details
Inputs per minute
— Mc.KarlyB - - boraborabarutcu
Build order — Mc.KarlyB
First 150 of 171 actions detected
| 0:04 | Build | House |
| 0:07 | Build | House |
| 0:10 | Create | Villager (Male) |
| 0:10 | Create | Villager (Male) |
| 0:10 | Create | Villager (Male) |
| 0:11 | Create | Villager (Male) |
| 1:42 | Create | Villager (Male) |
| 1:50 | Research | Loom |
| 2:14 | Create | Villager (Male) |
| 2:48 | Create | Villager (Male) |
| 2:48 | Create | Villager (Male) |
| 3:18 | Build | Mill |
| 4:14 | Create | Villager (Male) |
| 4:14 | Create | Villager (Male) |
| 4:14 | Create | Villager (Male) |
| 4:14 | Create | Villager (Male) |
| 5:08 | Build | House |
| 5:53 | Create | Villager (Male) |
| 5:54 | Create | Villager (Male) |
| 6:36 | Build | Lumber Camp |
| 6:38 | Create | Villager (Male) |
| 6:38 | Create | Villager (Male) |
| 7:04 | Build | House |
| 7:52 | Research | Feudal Age |
| 8:33 | Build | House |
| 8:34 | Build | House |
| 9:35 | Build | Palisade Wall |
| 10:02 | Age | Feudal Age |
| 10:54 | Create | Villager (Male) |
| 10:55 | Create | Villager (Male) |
| 10:55 | Create | Villager (Male) |
| 10:55 | Create | Villager (Male) |
| 11:15 | Build | Palisade Wall |
| 11:32 | Build | Barracks |
| 11:55 | Create | Villager (Male) |
| 11:55 | Create | Villager (Male) |
| 12:00 | Research | Double-Bit Axe |
| 12:24 | Build | Mining Camp |
| 14:03 | Build | Lumber Camp |
| 15:17 | Build | Archery Range |
| 15:35 | Build | Palisade Wall |
| 15:51 | Create | Archer |
| 15:51 | Create | Archer |
| 15:51 | Create | Archer |
| 15:51 | Create | Archer |
| 16:21 | Research | Gold Mining |
| 17:05 | Build | Palisade Wall |
| 17:16 | Build | Palisade Wall |
| 17:28 | Build | Town Center |
| 17:47 | Build | House |
| 17:48 | Build | House |
| 18:37 | Build | House |
| 18:57 | Create | Archer |
| 18:57 | Create | Archer |
| 19:11 | Build | Blacksmith |
| 19:18 | Build | Farm |
| 19:19 | Build | Farm |
| 19:19 | Build | Farm |
| 19:39 | Create | Villager (Male) |
| 19:39 | Create | Villager (Male) |
| 19:39 | Create | Villager (Male) |
| 19:44 | Create | Archer |
| 19:45 | Create | Archer |
| 19:45 | Create | Archer |
| 19:45 | Create | Archer |
| 20:33 | Build | Farm |
| 20:33 | Build | Farm |
| 21:20 | Create | Villager (Male) |
| 21:20 | Create | Villager (Male) |
| 21:21 | Create | Villager (Male) |
| 21:30 | Build | Market |
| 21:52 | Create | Archer |
| 21:52 | Create | Archer |
| 21:52 | Create | Archer |
| 21:52 | Create | Archer |
| 22:15 | Create | Villager (Male) |
| 22:30 | Build | Farm |
| 22:30 | Build | Farm |
| 23:21 | Create | Villager (Male) |
| 23:26 | Build | House |
| 23:26 | Build | House |
| 23:28 | Build | House |
| 23:29 | Build | House |
| 24:28 | Research | Castle Age |
| 24:38 | Build | Stable |
| 25:12 | Build | Stable |
| 25:21 | Build | Farm |
| 25:55 | Research | Fletching |
| 26:14 | Build | Palisade Wall |
| 26:23 | Build | Farm |
| 26:23 | Build | Farm |
| 26:24 | Build | Farm |
| 26:24 | Build | Farm |
| 26:48 | Build | House |
| 27:08 | Age | Castle Age |
| 27:21 | Create | Villager (Male) |
| 27:21 | Create | Villager (Male) |
| 27:22 | Create | Villager (Male) |
| 27:22 | Create | Villager (Male) |
| 27:54 | Create | Scout Cavalry |
| 28:16 | Build | Town Center |
| 28:37 | Research | Crossbowman (upgrade) |
| 28:55 | Build | Farm |
| 28:55 | Build | Farm |
| 29:08 | Create | Villager (Male) |
| 29:08 | Create | Villager (Male) |
| 29:08 | Create | Villager (Male) |
| 29:27 | Create | Villager (Male) |
| 30:11 | Create | Villager (Male) |
| 30:11 | Create | Villager (Male) |
| 30:11 | Create | Villager (Male) |
| 30:18 | Build | Farm |
| 30:18 | Build | Farm |
| 30:18 | Build | Farm |
| 30:25 | Create | Knight |
| 30:25 | Create | Knight |
| 31:40 | Create | Villager (Male) |
| 31:40 | Create | Villager (Male) |
| 31:41 | Create | Villager (Male) |
| 31:41 | Create | Villager (Male) |
| 31:41 | Create | Villager (Male) |
| 31:41 | Create | Villager (Male) |
| 31:47 | Build | Farm |
| 31:47 | Build | Farm |
| 31:47 | Build | Farm |
| 31:47 | Build | Farm |
| 31:47 | Build | Farm |
| 31:55 | Build | Lumber Camp |
| 32:09 | Create | Knight |
| 32:10 | Create | Knight |
| 32:10 | Create | Knight |
| 34:46 | Build | Town Center |
| 34:51 | Research | Forging |
| 34:51 | Research | Scale Barding Armor |
| 34:54 | Create | Knight |
| 34:54 | Create | Knight |
| 34:54 | Create | Knight |
| 34:55 | Create | Knight |
| 34:55 | Create | Knight |
| 35:00 | Build | Siege Workshop |
| 35:14 | Create | Villager (Male) |
| 35:14 | Create | Villager (Male) |
| 35:15 | Create | Villager (Male) |
| 35:15 | Create | Villager (Male) |
| 35:16 | Create | Villager (Male) |
| 35:16 | Create | Villager (Male) |
| 35:16 | Create | Villager (Male) |
| 35:42 | Create | Battering Ram |
| 35:43 | Create | Battering Ram |
| 35:43 | Create | Battering Ram |
Build order — boraborabarutcu
71 actions detected in the replay
| 0:12 | Build | House |
| 0:13 | Build | House |
| 0:15 | Build | House |
| 1:05 | Create | Villager (Male) ×5 |
| 1:05 | Create | Villager (Male) ×5 |
| 1:07 | Research | Loom |
| 3:19 | Create | Villager (Male) |
| 3:39 | Create | Villager (Male) |
| 3:39 | Create | Villager (Male) |
| 4:07 | Create | Villager (Male) |
| 4:08 | Create | Villager (Male) |
| 4:48 | Create | Villager (Male) |
| 4:48 | Create | Villager (Male) |
| 5:36 | Create | Villager (Male) |
| 5:36 | Create | Villager (Male) |
| 5:36 | Create | Villager (Male) |
| 5:52 | Build | Lumber Camp |
| 6:32 | Create | Villager (Male) |
| 6:33 | Create | Villager (Male) |
| 6:33 | Create | Villager (Male) |
| 6:33 | Create | Villager (Male) |
| 9:46 | Build | Town Center |
| 11:32 | Build | Mill |
| 13:24 | Build | Town Center |
| 15:12 | Build | Mining Camp |
| 15:34 | Create | Villager (Male) |
| 15:34 | Create | Villager (Male) |
| 15:35 | Create | Villager (Male) |
| 16:58 | Create | Villager (Male) |
| 16:58 | Create | Villager (Male) |
| 16:58 | Create | Villager (Male) |
| 21:48 | Build | Town Center |
| 22:39 | Build | Farm |
| 22:40 | Build | Farm |
| 22:43 | Build | Farm |
| 22:45 | Build | Farm |
| 24:16 | Build | Lumber Camp |
| 24:20 | Create | Villager (Male) ×5 |
| 24:20 | Create | Villager (Male) ×5 |
| 24:20 | Create | Villager (Male) ×2 |
| 24:30 | Build | House |
| 24:31 | Build | House |
| 25:21 | Build | House |
| 25:28 | Create | Villager (Male) |
| 25:29 | Create | Villager (Male) |
| 25:29 | Create | Villager (Male) |
| 25:43 | Build | Farm |
| 25:49 | Build | House |
| 25:50 | Build | House |
| 26:15 | Build | Farm |
| 26:52 | Build | Farm |
| 26:57 | Build | Farm |
| 27:07 | Build | House |
| 27:08 | Build | House |
| 27:09 | Build | House |
| 27:11 | Build | House |
| 27:39 | Build | Farm |
| 27:45 | Build | Farm |
| 27:58 | Create | Villager (Male) |
| 27:58 | Create | Villager (Male) |
| 27:58 | Create | Villager (Male) |
| 27:58 | Create | Villager (Male) |
| 28:14 | Build | Farm |
| 28:38 | Build | Farm |
| 29:02 | Build | Farm |
| 29:20 | Build | House |
| 29:21 | Build | House |
| 29:22 | Build | House |
| 29:31 | Build | Farm |
| 29:38 | Build | Farm |
| 29:44 | Research | Feudal Age |
Build order — atxerua
First 150 of 169 actions detected
| 0:05 | Build | House |
| 0:06 | Create | Villager (Male) |
| 0:07 | Create | Villager (Male) |
| 0:07 | Create | Villager (Male) |
| 0:07 | Create | Villager (Male) |
| 0:11 | Build | House |
| 1:49 | Create | Villager (Male) |
| 1:57 | Build | Lumber Camp |
| 2:10 | Create | Villager (Male) |
| 2:23 | Research | Loom |
| 2:55 | Create | Villager (Male) |
| 3:49 | Create | Villager (Male) |
| 3:59 | Create | Villager (Male) |
| 4:23 | Build | Mill |
| 4:31 | Build | House |
| 5:08 | Create | Villager (Male) |
| 5:09 | Create | Villager (Male) |
| 5:33 | Create | Villager (Male) |
| 5:43 | Build | Lumber Camp |
| 6:12 | Build | Farm |
| 6:31 | Create | Villager (Male) |
| 6:32 | Create | Villager (Male) |
| 7:03 | Create | Villager (Male) |
| 7:04 | Create | Villager (Male) |
| 7:20 | Build | Farm |
| 7:27 | Build | Farm |
| 7:34 | Build | House |
| 8:07 | Create | Villager (Male) |
| 8:32 | Build | Mill |
| 8:48 | Create | Villager (Male) |
| 9:10 | Build | Farm |
| 9:26 | Build | Mining Camp |
| 10:09 | Build | House |
| 10:14 | Build | House |
| 10:17 | Build | House |
| 11:06 | Research | Feudal Age |
| 11:09 | Create | Villager (Male) |
| 11:22 | Build | Barracks |
| 11:46 | Build | Mining Camp |
| 11:49 | Create | Villager (Male) |
| 11:49 | Create | Villager (Male) |
| 13:16 | Age | Feudal Age |
| 13:18 | Research | Double-Bit Axe |
| 13:21 | Research | Horse Collar |
| 13:24 | Research | Gold Mining |
| 13:28 | Create | Villager (Male) |
| 13:28 | Create | Villager (Male) |
| 13:29 | Create | Villager (Male) |
| 13:34 | Research | Stone Mining |
| 14:16 | Build | Stable |
| 14:21 | Create | Villager (Male) |
| 14:41 | Build | Market |
| 14:45 | Create | Villager (Male) |
| 15:21 | Create | Scout Cavalry |
| 15:22 | Research | Bloodlines |
| 15:43 | Create | Villager (Male) |
| 15:53 | Build | Farm |
| 16:05 | Create | Villager (Male) |
| 16:13 | Create | Scout Cavalry |
| 16:21 | Build | Farm |
| 16:28 | Build | Farm |
| 16:35 | Create | Villager (Male) |
| 16:51 | Build | Blacksmith |
| 17:10 | Build | Farm |
| 17:34 | Build | Farm |
| 17:36 | Create | Villager (Male) |
| 17:38 | Research | Wheelbarrow |
| 17:59 | Research | Fletching |
| 18:07 | Build | Farm |
| 19:08 | Build | Farm |
| 19:32 | Research | Castle Age |
| 19:54 | Research | Forging |
| 20:30 | Build | Farm |
| 20:40 | Build | Farm |
| 20:51 | Build | House |
| 20:55 | Build | House |
| 20:59 | Build | House |
| 21:03 | Build | House |
| 21:31 | Build | Farm |
| 21:37 | Create | Villager (Male) |
| 21:38 | Create | Villager (Male) |
| 21:39 | Create | Villager (Male) |
| 22:12 | Age | Castle Age |
| 22:14 | Research | Heavy Plow |
| 22:18 | Research | Bow Saw |
| 22:23 | Research | Gold Shaft Mining |
| 22:28 | Research | Stone Shaft Mining |
| 22:33 | Create | Villager (Male) |
| 22:52 | Build | University |
| 22:58 | Create | Villager (Male) |
| 22:58 | Create | Villager (Male) |
| 23:08 | Build | Town Center |
| 23:22 | Create | Villager (Male) |
| 23:23 | Create | Villager (Male) |
| 23:37 | Build | Farm |
| 24:00 | Build | Mining Camp |
| 24:07 | Research | Treadmill Crane |
| 24:15 | Create | Villager (Male) |
| 24:16 | Create | Villager (Male) |
| 24:43 | Research | Hand Cart |
| 24:55 | Research | Husbandry |
| 25:09 | Research | Light Cavalry (upgrade) |
| 25:21 | Build | Mill |
| 25:42 | Create | Villager (Male) |
| 25:43 | Create | Villager (Male) |
| 25:43 | Create | Villager (Male) |
| 25:45 | Research | Town Watch |
| 25:58 | Create | Villager (Male) |
| 26:31 | Create | Villager (Male) |
| 26:36 | Research | Bodkin Arrow |
| 26:48 | Build | Farm |
| 27:01 | Build | Mining Camp |
| 27:09 | Create | Camel Scout |
| 27:10 | Create | Camel Scout |
| 27:12 | Create | Camel Scout |
| 27:13 | Create | Camel Scout |
| 27:15 | Create | Camel Scout |
| 27:23 | Build | Farm |
| 27:29 | Build | Farm |
| 27:40 | Build | Farm |
| 27:45 | Create | Villager (Male) |
| 27:45 | Create | Villager (Male) |
| 28:07 | Build | Monastery |
| 28:23 | Build | Farm |
| 28:25 | Create | Villager (Male) |
| 28:26 | Create | Villager (Male) |
| 28:27 | Create | Villager (Male) |
| 28:32 | Create | Camel Scout |
| 28:45 | Build | House |
| 28:50 | Build | House |
| 28:54 | Build | House |
| 28:57 | Build | House |
| 29:08 | Build | Farm |
| 29:28 | Create | Monk |
| 29:29 | Create | Monk |
| 29:29 | Create | Monk |
| 29:30 | Research | Fervor |
| 29:34 | Create | Camel Scout |
| 29:34 | Create | Camel Scout |
| 29:51 | Research | Murder Holes |
| 30:08 | Build | House |
| 30:15 | Create | Camel Scout |
| 30:20 | Research | Iron Casting |
| 32:02 | Build | Castle |
| 32:13 | Create | Knight |
| 32:14 | Create | Knight |
| 32:14 | Create | Knight |
| 32:50 | Build | Castle |
| 33:24 | Build | Castle |
| 33:54 | Create | Knight |
Build order — scallywag
143 actions detected in the replay
| 0:08 | Build | House |
| 0:09 | Build | House |
| 0:18 | Create | Villager (Male) |
| 0:19 | Create | Villager (Male) |
| 0:19 | Create | Villager (Male) |
| 0:19 | Create | Villager (Male) |
| 0:19 | Create | Villager (Male) |
| 0:20 | Research | Loom |
| 1:32 | Create | Villager (Male) |
| 1:59 | Build | Lumber Camp |
| 2:18 | Create | Villager (Male) |
| 4:22 | Create | Villager (Male) |
| 4:23 | Create | Villager (Male) |
| 4:23 | Create | Villager (Male) |
| 4:23 | Create | Villager (Male) |
| 5:06 | Create | Villager (Male) |
| 5:06 | Create | Villager (Male) |
| 6:26 | Build | House |
| 6:30 | Build | House |
| 7:13 | Create | Villager (Male) |
| 7:13 | Create | Villager (Male) |
| 7:14 | Create | Villager (Male) |
| 7:14 | Create | Villager (Male) |
| 7:14 | Create | Villager (Male) |
| 7:17 | Create | Villager (Male) |
| 7:48 | Build | Mining Camp |
| 9:10 | Create | Villager (Male) |
| 9:12 | Research | Feudal Age |
| 9:20 | Build | Mill |
| 9:47 | Build | Palisade Wall |
| 9:53 | Build | Palisade Wall |
| 10:09 | Build | Palisade Wall |
| 10:15 | Build | Palisade Wall |
| 10:24 | Build | Palisade Wall |
| 10:26 | Build | Palisade Wall |
| 10:33 | Build | Palisade Wall |
| 11:05 | Build | Palisade Wall |
| 11:21 | Build | Lumber Camp |
| 11:38 | Age | Feudal Age |
| 11:40 | Research | Double-Bit Axe |
| 12:05 | Create | Villager (Male) |
| 12:06 | Create | Villager (Male) |
| 12:06 | Create | Villager (Male) |
| 12:12 | Research | Wheelbarrow |
| 12:25 | Create | Villager (Male) |
| 12:54 | Build | Palisade Gate |
| 13:56 | Create | Villager (Male) |
| 13:57 | Create | Villager (Male) |
| 14:08 | Build | House |
| 15:07 | Research | Horse Collar |
| 15:12 | Build | Farm |
| 15:12 | Build | Farm |
| 15:12 | Build | Farm |
| 15:13 | Build | Farm |
| 16:24 | Create | Villager (Male) |
| 16:24 | Create | Villager (Male) |
| 16:25 | Create | Villager (Male) |
| 16:25 | Create | Villager (Male) |
| 16:59 | Build | Blacksmith |
| 17:20 | Build | Barracks |
| 17:33 | Build | Farm |
| 17:33 | Build | Farm |
| 17:52 | Build | Farm |
| 17:53 | Build | Farm |
| 17:53 | Build | Farm |
| 17:53 | Build | Farm |
| 17:53 | Build | Farm |
| 17:55 | Build | Farm |
| 18:19 | Build | Stable |
| 18:20 | Build | Stable |
| 18:50 | Build | House |
| 19:00 | Build | House |
| 19:06 | Build | House |
| 19:20 | Build | Farm |
| 19:29 | Create | Villager (Male) |
| 19:30 | Create | Villager (Male) |
| 19:30 | Create | Villager (Male) |
| 19:30 | Create | Villager (Male) |
| 19:31 | Create | Villager (Male) |
| 20:01 | Build | Farm |
| 20:08 | Build | Farm |
| 21:01 | Create | Spearman |
| 21:02 | Create | Spearman |
| 22:01 | Build | Farm |
| 22:04 | Create | Villager (Male) |
| 22:04 | Create | Villager (Male) |
| 22:05 | Create | Villager (Male) |
| 22:20 | Build | Farm |
| 22:20 | Build | Farm |
| 22:20 | Build | Farm |
| 22:21 | Build | Farm |
| 22:21 | Build | Farm |
| 22:29 | Research | Castle Age |
| 22:58 | Build | Lumber Camp |
| 23:05 | Research | Forging |
| 23:06 | Research | Scale Barding Armor |
| 23:10 | Research | Bloodlines |
| 23:32 | Build | Farm |
| 23:32 | Build | Farm |
| 25:13 | Build | House |
| 25:16 | Build | House |
| 25:18 | Build | House |
| 25:23 | Build | House |
| 25:38 | Age | Castle Age |
| 25:49 | Create | Knight |
| 25:49 | Create | Knight |
| 25:50 | Create | Knight |
| 25:50 | Create | Knight |
| 25:51 | Create | Knight |
| 25:52 | Create | Knight |
| 26:01 | Research | Husbandry |
| 26:22 | Research | Hand Cart |
| 26:23 | Create | Villager (Male) |
| 26:23 | Create | Villager (Male) |
| 26:23 | Create | Villager (Male) |
| 26:23 | Create | Villager (Male) |
| 26:24 | Create | Villager (Male) |
| 26:25 | Create | Villager (Male) |
| 26:27 | Create | Villager (Male) |
| 26:28 | Create | Villager (Male) |
| 26:29 | Create | Villager (Male) |
| 26:30 | Create | Villager (Male) |
| 26:50 | Build | Mining Camp |
| 27:54 | Build | Monastery |
| 28:06 | Research | Iron Casting |
| 28:06 | Research | Chain Barding Armor |
| 29:01 | Create | Monk |
| 29:11 | Build | University |
| 30:49 | Build | Farm |
| 31:46 | Create | Knight |
| 31:46 | Create | Knight |
| 31:47 | Create | Knight |
| 31:47 | Create | Knight |
| 31:47 | Create | Knight |
| 31:47 | Create | Knight |
| 31:48 | Create | Knight |
| 31:48 | Create | Knight |
| 32:05 | Build | Farm |
| 36:21 | Build | House |
| 36:22 | Build | House |
| 36:24 | Build | House |
| 36:26 | Build | House |
| 36:28 | Build | House |
Match timeline
| 9:35 | Mc.KarlyB · wall_segment Palisade Wall x7 |
| 9:47 | scallywag · wall_segment Palisade Wall x7 |
| 9:53 | scallywag · wall_segment Palisade Wall x8 |
| 10:02 | Mc.KarlyB · age_up feudal |
| 10:09 | scallywag · wall_segment Palisade Wall x15 |
| 10:15 | scallywag · wall_segment Palisade Wall x5 |
| 10:24 | scallywag · wall_segment Palisade Wall x9 |
| 10:26 | scallywag · wall_segment Palisade Wall x2 |
| 10:33 | scallywag · wall_segment Palisade Wall x16 |
| 11:05 | scallywag · wall_segment Palisade Wall x1 |
| 11:15 | Mc.KarlyB · wall_segment Palisade Wall x14 |
| 11:22 | atxerua · first_building Barracks |
| 11:32 | Mc.KarlyB · first_building Barracks |
| 11:38 | scallywag · age_up feudal |
| 13:16 | atxerua · age_up feudal |
| 14:16 | atxerua · first_building Stable |
| 15:17 | Mc.KarlyB · first_building Archery Range |
| 15:35 | Mc.KarlyB · wall_segment Palisade Wall x8 |
| 17:05 | Mc.KarlyB · wall_segment Palisade Wall x8 |
| 17:16 | Mc.KarlyB · wall_segment Palisade Wall x8 |
| 17:20 | scallywag · first_building Barracks |
| 18:19 | scallywag · first_building Stable |
| 19:15 | atxerua · first_market_buy 100 food |
| 19:18 | atxerua · first_market_sell 100 wood |
| 22:12 | atxerua · age_up castle |
| 22:24 | Mc.KarlyB · first_market_buy 100 food |
| 23:10 | Mc.KarlyB · first_market_sell 100 wood |
| 24:38 | Mc.KarlyB · first_building Stable |
| 25:38 | scallywag · age_up castle |
| 26:14 | Mc.KarlyB · wall_segment Palisade Wall x8 |
| 27:08 | Mc.KarlyB · age_up castle |
| 27:54 | scallywag · first_building Monastery |
| 28:07 | atxerua · first_building Monastery |
| 31:28 | boraborabarutcu · resign |
| 32:02 | atxerua · first_building Castle |
| 35:00 | Mc.KarlyB · first_building Siege Workshop |
| 35:02 | atxerua · first_building Siege Workshop |
[ AI ANALYSIS · 1 CREDIT ]
What really happened in this match?
Wolo.gg analyzes every decision: build order, eco, micro, common mistakes by bracket. Personalized analysis on WhatsApp or Discord in 30 seconds.
Civ guide
Franks
Perfil
Jugador #4563109